cohdb
Replays
Latest Replays
All Replays
Popular Replays
Top Player Replays
Match Explorer
How It Works
Community
CoH3 Stats
Reddit
Sign in to upload your games and track your stats! →
Sign in with Steam
Match 43373564
Unlisted
Match 43373564
Overview
Messages
Build Orders
End
Kradschützen Motorcycle Team
Selects Panzerjäger Kommand Battlegroup
Selects Mine Fields
Panzergrenadier Squad
Panzergrenadier Squad
Construct Light Support Kompanie
Fire Support Elements
Panzergrenadier Squad
Flakvierling Half-track
2.5-tonne Medical Truck
Panzerjäger Mechanized Group
Construct Mechanized Kompanie
Selects Tank Busters
18-tonne Recovery Half-track
Combat Half-tracks
Vehicle Survival Package
Panzerjäger Mechanized Group
Panzerpioneer Squad
Construct Panzerarmee Kommand
Selects Crew Shock Tactics
Panzerjäger Mechanized Group
Selects Elefant Tank Destroyer
Elefant Tank Destroyer
Tungsten Core Ammunition
Armored Reserves
Selects Early Warning
Selects Butterfly Bomb Drop
Butterfly Bomb Drop
Tiger Heavy Tank
Butterfly Bomb Drop
Serentinum ◕‿◕
Error
aminsedgi
Cuilein
DeGods
amird100
ItsBrettos
vonAJ
0
0
Comments
sign in to comment!
No comments posted yet!